 Dungeon Crawl Stone Soup version 0.24.1-14-gf8d2b509d9 (webtiles) character file.

Game seed: 15024613704598361973, levelgen mode: deterministic

40318 Peloso the Carver (level 13, -1/79 HPs)
             Began as a Vampire Fighter on May 31, 2020.
             Was the Champion of Okawaru.
             Engulfed by a cloud of flame (6 damage)
             ... in a volcano.
             The game lasted 00:46:41 (14586 turns).

Peloso the Carver (Vampire Fighter)                Turns: 14586, Time: 00:46:42

Health: -1/79      AC: 30    Str: 26 (28) XL:     13   Next: 74%
Magic:  13/13      EV:  8    Int: 14 (16) God:    Okawaru [******]
Gold:   637        SH: 13    Dex:  9 (11) Spells: 12/12 levels left

rFire    x . .     SeeInvis +   a - +5 falchion of the Magi {flame, rElec Stlth+}
rCold    + + +     Gourm    .   c - +0 shield
rNeg     + + +     Faith    +   z - +13 plate armour of Ileicw {+Inv Stlth+}
rPois    ∞         Spirit   .   (no helmet)
rElec    +         Reflect  .   B - +0 cloak
rCorr    .         Harm     .   S - +0 pair of gloves of Brilliance {*Corrode rC++ Regen+ Int+4}
MR       .....                  (no boots)
Stlth    ++........             y - amulet of faith
HPRegen  0.63/turn              w - ring of Oduz {Ice rPois MR- Str+9 Dex-2}
MPRegen  0.13/turn              (no ring)

@: bloodless
A: no food, fangs 3, see invisible, unbreathing
a: Bat Form, Revivify, Heroism, Finesse, Renounce Religion, Evoke Invisibility


You were in a volcano.
You worshipped Okawaru.
Okawaru was exalted by your worship.
You were bloodless.

You visited 3 branches of the dungeon, and saw 18 of its levels.
You also visited: Volcano.

You collected 851 gold pieces.
You spent 214 gold pieces at shops.

Inventory:

Hand Weapons
 a - the +5 falchion of the Magi (weapon) {flame, rElec Stlth+}
   (You found it on level 13 of the Dungeon)

   It has been specially enchanted to burn those struck by it, causing extra
   injury to most foes and up to half again as much damage against particularly
   susceptible opponents.
   Big, fiery blades are also staple armaments of hydra-hunters.
   It insulates you from electricity.
   It makes you more stealthy.
 b - a +4 falchion of draining
Armour
 c - a +0 shield (worn)
 z - the +13 plate armour of Ileicw (worn) {+Inv Stlth+}
   (You found it on level 11 of the Dungeon)

   It lets you turn invisible.
   It makes you more stealthy.
 B - a +0 cloak (worn)
 S - the +0 pair of gloves of Brilliance (worn) {*Corrode rC++ Regen+ Int+4}
   (Okawaru gifted it to you on level 14 of the Dungeon)

   It affects your intelligence (+4).
   It greatly protects you from cold.
   It increases your rate of regeneration.
   It may corrode you when you take damage.
Jewellery
 e - an uncursed ring of positive energy
 h - an uncursed amulet of regeneration
 w - the ring of Oduz (left hand) {Ice rPois MR- Str+9 Dex-2}
   (You found it on level 4 of the Dungeon)

   [ring of ice]

   It enhances your ice magic.
   It affects your strength (+9).
   It affects your dexterity (-2).
   It makes you vulnerable to fire.
   It protects you from cold.
   It protects you from poison.
   It affects your resistance to hostile enchantments.
 y - an amulet of faith (around neck)
Wands
 Q - a wand of digging (1)
Scrolls
 f - 2 scrolls of fog
 g - 4 scrolls of fear
 j - a scroll of amnesia
 k - 2 scrolls of remove curse
 q - 7 scrolls of teleportation
 u - 2 scrolls of blinking
 J - a scroll of noise
 O - a scroll of magic mapping
Potions
 d - 2 potions of might
 i - a potion of flight
 r - a potion of heal wounds
 s - a potion of haste
 v - 6 potions of curing
 C - 3 potions of berserk rage {unknown}
 E - 2 potions of agility {unknown}
 R - a potion of ambrosia {unknown}


   Skills:
 + Level 8.5 Fighting
 + Level 14.1 Long Blades
 + Level 9.4 Armour
 + Level 4.8 Dodging
 + Level 3.3 Stealth
 + Level 11.7 Shields
 + Level 1.1 Invocations
 + Level 0.3 Evocations


You had 12 spell levels left.
You didn't know any spells.
Your spell library contained the following spells:

 Spells                   Type           Power        Failure   Level  Hunger
 Confusing Touch          Hex            #.....       99%         1    N/A
 Corona                   Hex            #......      99%         1    N/A
 Magic Dart               Conj           #...         99%         1    N/A
 Summon Small Mammal      Summ           #...         99%         1    N/A
 Blink                    Tloc           N/A          100%        2    N/A
 Call Imp                 Summ           #.......     100%        2    N/A
 Ensorcelled Hibernation  Hex/Ice        #.....       100%        2    N/A
 Slow                     Hex            #.......     100%        2    N/A
 Call Canine Familiar     Summ           #.......     100%        3    N/A
 Confuse                  Hex            #.......     100%        3    N/A
 Conjure Flame            Conj/Fire      #.......     100%        3    N/A
 Dazzling Spray           Conj/Hex       #.....       100%        3    N/A
 Gell's Gravitas          Tloc           #.........   100%        3    N/A
 Mephitic Cloud           Conj/Pois/Air  #.......     100%        3    N/A
 Summon Guardian Golem    Hex/Summ       #.......     100%        3    N/A
 Tukima's Dance           Hex            #.......     100%        3    N/A
 Cause Fear               Hex            #.........   100%        4    N/A
 Petrify                  Tmut/Erth      #.......     100%        4    N/A
 Summon Ice Beast         Ice/Summ       #.......     100%        4    N/A
 Summon Lightning Spire   Summ/Air       #.......     100%        4    N/A
 Metabolic Englaciation   Hex/Ice        #.........   100%        5    N/A
 Silence                  Hex/Air        #.........   100%        5    N/A
 Yara's Violent Unravell  Hex/Tmut       #.........   100%        5    N/A
 Deflect Missiles         Chrm/Air       #.........   100%        6    N/A
 Discord                  Hex            #.........   100%        8    N/A

Dungeon Overview and Level Annotations

Branches:
Dungeon (15/15)            Temple (1/1) D:4            Lair (2/6) D:9
    Orc (0/2) D:11         Vaults (0/5) D:13        Volcano (1/1)
  Swamp: Lair:2-4    Shoals: Lair:2-4     Snake: Lair:2-4    Spider: Lair:2-4
 Depths: D:15

Altars:
Ashenzari
Cheibriados
Dithmenos
Elyvilon
Fedhas
Gozag
Hepliaklqana
Kikubaaqudgha
Makhleb
Nemelex Xobeh
Okawaru
Qazlal
Ru
Sif Muna
Trog
Uskayaw
Vehumet
Wu Jian
Xom
Yredelemnul
Zin
The Shining One

Shops:
D:10 (


Innate Abilities, Weirdness & Mutations

You do not eat.
You do not regenerate when monsters are visible.
You are frail without blood (-20% HP).
You can heal yourself when you bite living creatures.
You are immune to poison.
You have razor-sharp teeth.
You have supernaturally acute eyesight. (SInv)
You can survive without breathing.


Message History

The lava snake is heavily wounded.
The lava snake bites you but does no damage.
You slash the lava snake!
The lava snake is almost dead.
You block the lava snake's attack.
Your shield and plate armour of Ileicw prevent you from hitting the lava snake.
The lava snake is almost dead.
You closely miss the lava snake.
The lava snake is almost dead.
You block the lava snake's attack.
You hit the lava snake.
You kill the lava snake!
Okawaru accepts your kill. Why would you want to do that?
Why would you want to do that?
You are engulfed in blazing flames.
You are engulfed in blazing flames.
* * * LOW HITPOINT WARNING * * *
You are engulfed in blazing flames.
You die...

#......≈§§§
##......§≈≈§≈°
##.......§≈≈°○☼○
#........≈≈≈≈≈≈≈≈≈§≈≈≈.
##...§.≈≈≈≈§≈§≈○°§§§§§§
#...§§§≈≈§≈○§≈○○.§≈§§§.
##...°°≈§§§≈°.≈≈§..≈≈≈≈
#∩.∩.°.○○°..°○○☼§≈≈≈§≈≈
#####.@○○☼°≈§°○°≈≈§≈≈§≈
#..°○..○°☼§§○§≈§≈§§≈
###○.○.○°°☼°○≈≈§≈≈≈≈
##°°°°○○○○°.§≈§≈§§
####○.°○☼○..§§≈≈≈
#######....... ###.....
###.## ####


There were no monsters in sight!

Vanquished Creatures
  Rupert (D:13)
  Nessos (D:13)
  An ogre mage (D:14)
  A centaur warrior (D:13)
  3 two-headed ogres
  Urug (D:13)
  A tengu warrior (D:12)
  3 unseen horrors
  A deep troll (shapeshifter) (D:13)
  Pikel (D:6)
  An orc knight (D:15)
  2 cyclopes
  A wolf spider (D:15)
  2 deep elf magi (D:12)
  2 manticores
  7 ugly things
  2 spiny frogs (Lair:1)
  2 centaur skeletons
  A gargoyle (D:13)
  A rime drake (Lair:1)
  3 kobold demonologists
  An efreet (D:14)
  3 komodo dragons (Lair:1)
  2 tengu conjurers
  2 trolls
  A queen bee (D:8)
  A meliai (D:13)
  2 hippogriffs
  3 blink frogs (Lair:1)
  Grinder (D:3)
  A shadow (D:12)
  28 yaks
  A wyvern (D:10)
  2 wraiths
  2 fire bats (Volcano)
  2 basilisks (Lair:1)
  16 humans (D:13)
  A hungry ghost (D:15)
  A vampire mosquito (D:15)
  Duvessa (D:4)
  2 water moccasins
  8 porcupines
  A black bear (D:10)
  3 ice beasts
  6 sky beasts
  11 ogres
  9 orc warriors
  3 necrophages
  3 phantoms
  A slave (D:6)
  4 wolves (Lair:2)
  9 centaurs
  11 big kobolds
  14 bullfrogs
  Blork the orc (D:6)
  2 gnoll sergeants (D:11)
  Dowan (D:4)
  2 wyvern skeletons
  5 scorpions
  25 killer bees
  5 wights
  2 howler monkeys
  An electric eel (Lair:1)
  5 lava snakes (Volcano)
  2 crimson imps (D:6)
  A jelly (D:12)
  2 centaur zombies
  7 hounds
  2 bullfrog skeletons
  11 orc wizards
  3 orc priests
  2 bullfrog zombies
  Natasha (thrice) (D:4)
  11 worker ants
  A killer bee zombie (D:9)
  A hound skeleton (D:10)
  2 worker ant zombies
  Robin (D:2)
  A howler monkey skeleton (D:10)
  4 gnolls
  9 adders
  3 shadow imps
  3 oozes
  An adder zombie (D:5)
  6 adder skeletons
  6 worms
  7 dart slugs
  6 leopard geckos
  43 orcs
  A ball python (D:1)
  9 bats
  4 giant cockroaches
  5 hobgoblins
  7 jackals
  37 kobolds
  3 quokkas
  6 frilled lizards
  18 goblins
  A leopard gecko zombie (D:5)
  A quokka skeleton (D:5)
  7 rats
  A bush (Lair:1)
  3 fungi (Lair:1)
484 creatures vanquished.

Vanquished Creatures (others)
  2 bushes (Lair:1)
  3 fungi (D:9)
  A plant (D:9)
6 creatures vanquished.

Grand Total: 490 creatures vanquished

Notes
Turn   | Place    | Note
-------+----------+-------------------------------------------
     0 | D:1      | Peloso the Vampire Fighter began the quest for the Orb.
     0 | D:1      | Reached XP level 1. HP: 17/17 MP: 1/1
   102 | D:1      | Reached XP level 2. HP: 23/23 MP: 2/2
   317 | D:1      | Reached XP level 3. HP: 21/28 MP: 3/3
  1082 | D:2      | Noticed Robin
  1107 | D:2      | Reached skill level 3 in Long Blades
  1107 | D:2      | Reached XP level 4. HP: 33/34 MP: 4/4
  1203 | D:2      | Killed Robin
  1327 | D:3      | Found an opulent altar of Gozag.
  1327 | D:3      | Found an iron altar of Okawaru.
  1327 | D:3      | Found a sparkling altar of Nemelex Xobeh.
  1371 | D:3      | Found a stormy altar of Qazlal.
  1670 | D:3      | Noticed a sky beast
  1680 | D:3      | Killed a sky beast
  1680 | D:3      | Reached skill level 4 in Long Blades
  1680 | D:3      | Reached XP level 5. HP: 17/41 MP: 5/5
  1700 | D:3      | Found a white marble altar of Elyvilon.
  1987 | D:3      | Noticed Grinder
  2006 | D:3      | Killed Grinder
  2006 | D:3      | Reached XP level 6. HP: 15/47 MP: 6/6
  2427 | D:4      | Found a staircase to the Ecumenical Temple.
  2437 | Temple   | Entered the Ecumenical Temple
  2485 | D:4      | Reached skill level 5 in Long Blades
  2506 | D:4      | Reached XP level 7. HP: 53/53 MP: 7/7
  2507 | D:4      | Noticed Duvessa
  2509 | D:4      | Noticed Dowan
  2521 | D:4      | Killed Duvessa
  2536 | D:4      | Killed Dowan
  2554 | D:4      | Got a bound amber ring
  2556 | D:4      | Identified the ring of Oduz {Ice rPois MR- Str+9 Dex-2}
                  | (You found it on level 4 of the Dungeon)
  2591 | D:4      | Reached skill level 1 in Dodging
  2611 | D:4      | Noticed Natasha
  2612 | D:4      | Reached skill level 6 in Long Blades
  2619 | D:4      | Killed Natasha
  2653 | D:4      | Noticed Natasha
  2661 | D:4      | Killed Natasha
  2685 | D:4      | Noticed Natasha
  2692 | D:4      | Killed Natasha
  2820 | D:4      | Found a shimmering altar of Xom.
  2942 | D:5      | Entered Level 5 of the Dungeon
  3305 | D:5      | Got a fine war axe
  3363 | D:5      | Reached XP level 8. HP: 60/60 MP: 8/8
  3832 | D:6      | Reached skill level 1 in Stealth
  3839 | D:6      | Reached skill level 7 in Long Blades
  4129 | D:6      | Found a hide-covered altar of Uskayaw.
  4213 | D:6      | Noticed Blork the orc
  4220 | D:6      | Killed Blork the orc
  4220 | D:6      | Noticed Pikel
  4242 | D:6      | Killed Pikel
  4242 | D:6      | Reached skill level 8 in Long Blades
  4242 | D:6      | Reached skill level 5 in Shields
  4590 | D:7      | Reached skill level 5 in Armour
  4661 | D:7      | Reached XP level 9. HP: 66/66 MP: 9/9
  5365 | D:8      | Reached skill level 9 in Long Blades
  5428 | D:8      | Noticed a queen bee
  5443 | D:8      | Killed a queen bee
  5443 | D:8      | Reached skill level 5 in Fighting
  6571 | D:9      | Reached XP level 10. HP: 61/74 MP: 10/10
  6783 | D:9      | Reached skill level 10 in Long Blades
  6980 | D:9      | Found a staircase to the Lair.
  7286 | D:10     | Entered Level 10 of the Dungeon
  7377 | D:10     | Noticed a two-headed ogre
  7391 | D:10     | Killed a two-headed ogre
  7941 | D:10     | Found Gisaej's Antique Weapon Boutique.
  7949 | D:10     | Bought a glowing long sword for 214 gold pieces
  8163 | D:10     | Reached XP level 11. HP: 24/81 MP: 11/11
  8671 | D:3      | Became a worshipper of Warmaster Okawaru
  8912 | D:11     | Got a faintly humming plate armour
  8923 | D:11     | Identified the +13 plate armour of Ileicw {+Inv Stlth+}
                  | (You found it on level 11 of the Dungeon)
  9087 | D:11     | You fall into a shaft and drop 1 floor!
  9087 | D:12     | Noticed a tengu warrior
  9090 | D:12     | Noticed an unseen horror
  9108 | D:12     | Killed a tengu warrior
  9112 | D:12     | Reached * piety under Okawaru
  9122 | D:12     | Killed an unseen horror
  9122 | D:12     | Reached skill level 11 in Long Blades
  9166 | D:12     | Noticed a white ugly thing
  9180 | D:12     | Killed a white ugly thing
  9180 | D:12     | Reached ** piety under Okawaru
  9188 | D:12     | Noticed a two-headed ogre
  9206 | D:12     | Killed a two-headed ogre
  9463 | D:11     | Reached *** piety under Okawaru
  9659 | D:11     | Found a staircase to the Orcish Mines.
  9762 | D:11     | Reached **** piety under Okawaru
 10292 | D:12     | Noticed a deep elf mage
 10301 | D:12     | Killed a deep elf mage
 10301 | D:12     | Reached skill level 12 in Long Blades
 10562 | D:12     | Noticed a deep elf mage
 10572 | D:12     | Killed a deep elf mage
 10604 | D:12     | Noticed a brown ugly thing
 10620 | D:12     | Killed a brown ugly thing
 10620 | D:12     | Reached ***** piety under Okawaru
 10620 | D:12     | Reached XP level 12. HP: 89/89 MP: 10/12
 10822 | D:12     | You fall into a shaft and drop 3 floors!
 10822 | D:15     | Entered Level 15 of the Dungeon
 10857 | D:15     | Noticed a centaur warrior
 10858 | D:15     | Noticed a centaur warrior
 10861 | D:15     | Noticed a tengu warrior
 11194 | D:14     | Received a gift from Okawaru
 11202 | D:14     | Got a pair of heavily runed gloves {god gift}
 11208 | D:14     | Identified the +0 pair of gloves of Brilliance {*Corrode
                  | rC++ Regen+ Int+4} (Okawaru gifted it to you on level 14 of
                  | the Dungeon)
 11266 | D:14     | Reached skill level 10 in Shields
 11355 | D:14     | Noticed an ogre mage
 11374 | D:14     | Paralysed by an ogre mage for 2 turns
 11375 | D:14     | Noticed a two-headed ogre
 11377 | D:14     | Killed an ogre mage
 11397 | D:14     | Killed a two-headed ogre
 11690 | D:13     | Reached skill level 13 in Long Blades
 12032 | D:13     | Noticed a centaur warrior
 12035 | D:13     | Noticed Rupert
 12046 | D:13     | Killed a centaur warrior
 12046 | D:13     | Reached XP level 13. HP: 74/97 MP: 10/13
 12051 | D:13     | Received a gift from Okawaru
 12080 | D:13     | Killed Rupert
 12114 | D:13     | Noticed Urug
 12123 | D:13     | Got a warped lajatang {god gift}
 12143 | D:13     | Killed Urug
 12160 | D:13     | Found a gate to the Vaults.
 12346 | D:13     | Got a warped falchion
 12347 | D:13     | Identified the +5 falchion of the Magi {flame, rElec
                  | Stlth+} (You found it on level 13 of the Dungeon)
 12364 | D:13     | Reached skill level 1 in Invocations
 12379 | D:13     | Reached ****** piety under Okawaru
 12379 | D:13     | Received a gift from Okawaru
 12417 | D:13     | Noticed Nessos
 12454 | D:13     | Killed Nessos
 12454 | D:13     | Reached skill level 14 in Long Blades
 12860 | Lair:1   | Entered Level 1 of the Lair of Beasts
 13209 | Lair:1   | Identified a scroll of acquirement
 13962 | Lair:1   | Identified the +1 lajatang of the Vase {venom, Fragile
                  | rElec rPois rC++} (Okawaru gifted it to you on level 13 of
                  | the Dungeon)
 14357 | Lair:2   | Found a dark tunnel.
 14362 | Volcano  | Entered a volcano
 14586 | Volcano  | Engulfed by a cloud of flame

Levels and vault maps discovered:
D:1:      dpeg_arrival_subterranean_lakeside_camping, layout_basic
D:2:      layout_basic, uniq_robin
D:3:      minmay_thinvault, layout_loops_corners,
          chequers_temple_overflow_statue_of_worship, lemuel_doored_altar,
          minivault_23, uniq_grinder
D:4:      layout_basic, kennysheep_mini, minmay_temple_entry_overgrown,
          minmay_checkerbox, uniq_natasha, uniq_duvessa
D:5:      layout_basic, first_ration, st_stairs_5
D:6:      layout_gridville, lemuel_round_altar, chequers_serial_rivers_micro_c,
          uniq_pikel, uniq_blork_the_orc
D:7:      layout_basic
D:8:      layout_basic, david_nohive_1
D:9:      layout_roguey, grunt_lair_entry_orc_guard_hut
D:10:     layout_irregular_city, serial_shops, nicolae_shop_stone,
          kennysheep_generic_room_6
D:11:     layout_irregular_city, kennysheep_orc_monster_closet_entryway
D:12:     layout_basic, st_stairs_12
D:13:     layout_roguey, david_vaults_3, nicolae_lava_and_water
D:14:     layout_loops_corners, grunt_decor_cap, special_room
          [special_room_orc], ebering_ghost_disaster_area
D:15:     hangedman_depths_entry_try_elsewhere_first, layout_basic,
          minivault_11, minmay_alternating_orb
Temple:   nicolae_temple_no_exploring_needed
Lair:1:   layout_hall_layers, minmay_hedge_maze, grunt_megastairs_1,
          infiniplex_staircase_pool
Lair:2:   layout_loops_ring, enter_volcano_4, grunt_megastairs_4
Volcano:  volcano_lake [vl_original]

Skill      XL: |  1  2  3  4  5  6  7  8  9 10 11 12 13 |
---------------+----------------------------------------+-----
Shields        | 3 4 5 6 7 9 10 11 | 11.7
Long Blades    | 3 4 5 6 8 9 10 12 13 14 | 14.1
Fighting       | 3 4 5 6 7 8 |  8.5
Armour         | 3 4 5 6 8 9 |  9.4
Dodging        | 1 3 4 |  4.8
Stealth        | 1 2 3 |  3.3
Invocations    | 1 |  1.1
Evocations     | |  0.3

Action                   |  1- 3 |  4- 6 |  7- 9 | 10-12 | 13-15 || total
-------------------------+-------+-------+-------+-------+-------++-------
Melee: Long sword        |   114 |    77 |       |       |       ||   191
       Bite              |    18 |    17 |    50 |   152 |    65 ||   302
       Falchion          |       |    95 |   380 |   853 |   342 ||  1670
       Scimitar          |       |       |       |   139 |   125 ||   264
Invok: Heroism           |       |       |       |     7 |     3 ||    10
 Abil: End Transformatio |       |       |       |       |     1 ||     1
       Bat Form          |       |       |       |       |     1 ||     1
       Exsanguinate      |       |       |       |       |     1 ||     1
       Evoke Invisibilit |       |       |       |       |     1 ||     1
Evoke: Wand              |       |       |       |       |     4 ||     4
  Use: Potion            |     1 |     1 |       |     2 |       ||     4
       Scroll            |       |     5 |     5 |     5 |    14 ||    29
 Stab: Invisible         |       |       |       |       |     1 ||     1
Armor: Scale mail        |    74 |       |       |       |       ||    74
       Chain mail        |    36 |    78 |   148 |    62 |       ||   324
       Plate armour      |       |       |       |   376 |   170 ||   546
Dodge: Dodged            |    43 |    31 |    89 |   246 |   109 ||   518
Block: Shield            |    81 |    82 |   185 |   531 |   224 ||  1103
       Rpst.: Long sword |    13 |     2 |       |       |       ||    15
       Falchion          |       |     4 |    26 |    56 |    26 ||   112
       Scimitar          |       |       |       |    10 |     7 ||    17
